 Dungeon Crawl Stone Soup version 0.28-a0-1074-g3cb2360906 (webtiles) character file.

Game seed: 6645006757408631182

1621 Htamos the Skirmisher (level 8, -3/80 HPs)
             Began as a Troll Earth Elementalist on Dec 9, 2021.
             Slain by a vampire (11 damage)
             ... on level 5 of the Dungeon.
             The game lasted 00:12:24 (5576 turns).

Htamos the Skirmisher (Troll Earth Elementalist)    Turns: 5576, Time: 00:12:25

Health: -3/80      AC:  4    Str: 17    XL:     8   Next: 64%
Magic:  8/8        EV:  9    Int: 13    God:
Gold:   285        SH:  0    Dex: 10    Spells: 6/9 levels left

rFire   . . .      SeeInvis .     - Unarmed
rCold   . . .      Faith    .   (no shield)
rNeg    . . .      Spirit   .   a - +0 robe
rPois   .          Reflect  .   (helmet restricted)
rElec   .          Harm     .   (no cloak)
rCorr   .          Rampage  .   (gloves unavailable)
Will    .....                   (boots unavailable)
Stlth   +.........              (no amulet)
HPRegen 1.03/turn               (no ring)
MPRegen 0.11/turn               (no ring)

@: no status effects
A: large, unfitting armour, claws 3, regeneration 1, shaggy fur 1, tough skin 1
a: no special abilities


You were on level 5 of the Dungeon.
You visited 1 branch of the dungeon, and saw 5 of its levels.

You collected 285 gold pieces.

Inventory:

Hand Weapons
 j - a +0 club
 o - the +5 spear of Woe {freeze, rN+}
   (You found it on level 4 of the Dungeon)

   It freezes those it strikes, dealing additional cold damage.
   It can also slow down cold-blooded creatures.
   rN:        It protects you from negative energy.
Missiles
 c - 412 stones
 p - 7 large rocks
Armour
 a - a +0 robe (worn)
 b - a +0 robe
 d - a +0 tower shield
Jewellery
 h - a ring of magical power
Scrolls
 e - 2 scrolls of vulnerability
 f - 2 scrolls of teleportation {unknown}
 i - a scroll of torment {unknown}
 l - a scroll of amnesia {unknown}
 m - 3 scrolls of identify {unknown}
 n - 3 scrolls of enchant armour {unknown}
 q - a scroll of noise {unknown}
Potions
 g - 2 potions of invisibility {unknown}
 k - a potion of flight {unknown}
 r - a potion of brilliance {unknown}
 s - 2 potions of attraction {unknown}


   Skills:
 * Level 5.2 Fighting
 - Level 0.5 Armour
 - Level 1.5 Dodging
 - Level 1.0 Stealth
 * Level 5.0 Shields
 + Level 4.1 Unarmed Combat
 - Level 1.2 Spellcasting
 - Level 0.6 Transmutations
 + Level 4.8 Earth Magic


You had 6 spell levels left.
You knew the following spells:

 Your Spells              Type           Power      Damage    Failure   Level
a - Sandblast             Erth           26%        2d8       3%          1
b - Passwall              Tmut/Erth      5%         N/A       14%         2

Your spell library contained the following spells:

 Spells                   Type           Power      Damage    Failure   Level
 Beastly Appendage        Tmut           4%         N/A       22%         1
 Stone Arrow              Conj/Erth      14%        3d7       30%         3
 Wereblood                Tmut           2%         N/A       32%         2
 Spider Form              Tmut/Pois      1%         N/A       58%         3
 Petrify                  Tmut/Erth      7%         N/A       65%         4


Dungeon Overview and Level Annotations

Branches:
Dungeon (5/15)
 Temple: D:4-7

Altars:

Shops:
D:4 (


Innate Abilities, Weirdness & Mutations

You are too large for most types of armour.
You have claws for hands.
Your natural rate of healing is unusually fast.
You are covered in fur. (AC +1)
You have tough skin. (AC +1)


Message History

Something bites you!
Something draws strength from your injuries!
A vampire appears from thin air!
Reactivating autopickup.
The vampire gestures wildly while chanting.
The vampire flickers and vanishes!
Deactivating autopickup; reactivate with Ctrl-A.
Something hits you. Something bites you.
* * * LOW HITPOINT WARNING * * *
Something draws strength from your injuries!
You bump into the rock wall.
Something hits you!
* * * LOW HITPOINT WARNING * * *
Something completely misses you.
You miss something. Something hits you!
* * * LOW HITPOINT WARNING * * *
Something bites you.
* * * LOW HITPOINT WARNING * * *
Something draws strength from your injuries!
You miss something.
You feel less confused. Something hits you!
* * * LOW HITPOINT WARNING * * *
Something completely misses you.
You hear some strange, mumbled words.
Something tries to affect you, but you resist.
You are confused.
You're too confused to move!
You bump into the rock wall.
Something hits you!
* * * LOW HITPOINT WARNING * * *
Something bites you!
* * * LOW HITPOINT WARNING * * *
Something draws strength from your injuries!
You bump into the rock wall.
Something hits you.
* * * LOW HITPOINT WARNING * * *
Something bites you but does no damage.
You bump into the rock wall.
You feel less confused. Something hits you!
You die...

#.#..##..#..### #.#
#..#.##.#..## #.#
#.#.##...## #.#
#....##รท#############.#
#..................##.#
#....##.#.########.##.#
#.#####.#.# #.##.# #.#
#.#.# ######.##.# #.#
#.#.# #.@{......# #.#
#.#)# #.####.#### #.#
#.#)###.####.# ###.#
#............# ....#
###.......#### #####
####....# #....#
###############..#
#................#


There were no monsters in sight!

Vanquished Creatures
  A shadow (D:5)
  Sigmund (D:2)
  The ghost of fly the Sneak, an amateur FoDe (D:4)
  2 necrophages (D:5)
  3 ogres
  A scorpion (D:4)
  2 orc priests (D:5)
  A hound (D:4)
  Jessica (D:3)
  2 iguanas (D:4)
  Terence (D:3)
  4 orc wizards
  A hound skeleton (D:4)
  Robin (D:3)
  A howler monkey zombie (D:5)
  15 gnolls (D:3)
  3 adders
  An ufetubus (D:3)
  A worm (D:3)
  2 dart slugs
  13 orcs
  7 ball pythons
  3 bats
  6 endoplasms
  2 giant cockroaches
  42 goblins
  27 hobgoblins
  2 jackals (D:1)
  17 kobolds
  7 quokkas
  4 frilled lizards
  9 rats
184 creatures vanquished.

Notes
Turn   | Place    | Note
-------+----------+-------------------------------------------
     0 | D:1      | Htamos the Troll Earth Elementalist began the quest for the
                  | Orb.
     0 | D:1      | Reached XP level 1. HP: 16/16 MP: 1/1
   291 | D:1      | Reached XP level 2. HP: 26/26 MP: 2/2
   342 | D:1      | Reached skill level 1 in Fighting
  1059 | D:2      | Noticed Sigmund
  1121 | D:2      | Killed Sigmund
  1122 | D:2      | Reached skill level 1 in Unarmed Combat
  1122 | D:2      | Reached XP level 3. HP: 33/36 MP: 3/3
  1122 | D:2      | Reached XP level 4. HP: 41/44 MP: 4/4
  1122 | D:2      | Reached XP level 5. HP: 46/50 MP: 5/5
  1702 | D:3      | Noticed Terence
  1708 | D:3      | Killed Terence
  1882 | D:2      | Reached XP level 6. HP: 56/59 MP: 6/6
  2511 | D:3      | Noticed Jessica
  2522 | D:3      | Killed Jessica
  2706 | D:3      | Noticed Robin
  2758 | D:3      | Killed Robin
  3037 | D:3      | Reached XP level 7. HP: 54/67 MP: 4/7
  3067 | D:3      | Learned a level 2 spell: Passwall
  4130 | D:4      | Identified the +5 spear of Woe {freeze, rN+}
  4132 | D:4      | Found Xerojegg's Weapon Shop.
  4413 | D:4      | Reached XP level 8. HP: 75/79 MP: 8/8
  4529 | D:4      | Found a runed translucent gate.
  4529 | D:4      | Noticed fly's ghost (amateur FoDe)
  4531 | D:4      | Found a runed translucent gate.
  4531 | D:4      | Found a runed translucent gate.
  4962 | D:4      | Killed fly's ghost
  5053 | D:5      | Entered Level 5 of the Dungeon
  5185 | D:5      | Reached skill level 5 in Fighting
  5493 | D:5      | Reached skill level 5 in Shields
  5576 | D:5      | Slain by a vampire

Illustrated notes

Levels and vault maps discovered:
D:1:      co_arrival_random_square_maze, layout_basic
D:2:      layout_loops_ring, minivault_24, uniq_sigmund
D:3:      minmay_goblin_kobold_castle, layout_rooms,
          hangedman_decor_peaks_small, uniq_robin, uniq_terence, uniq_jessica
D:4:      layout_layer_cave, serial_shops, shop, ebering_ghost_rock_garden
D:5:      layout_loops_ring, nicolae_stop_n_shop_1, minmay_manual_mess

Skill      XL: |  1  2  3  4  5  6  7  8 |
---------------+-------------------------+-----
Fighting       | 2 3 4 5 |  5.2
Shields        | 2 3 4 5 |  5.0
Unarmed Combat | 1 2 3 4 |  4.1
Earth Magic    | 3 4 |  4.8
Armour         | |  0.5
Dodging        | |  1.5
Stealth        | |  1.0
Spellcasting   | |  1.2
Transmutations | |  0.6

Action                   |  1- 3 |  4- 6 |  7- 9 || total
-------------------------+-------+-------+-------++-------
Melee: Unarmed           |    83 |   321 |   240 ||   644
       Punch             |       |     3 |     3 ||     6
 Cast: Sandblast         |       |     2 |       ||     2
  Use: Potion            |     1 |     1 |       ||     2
       Scroll            |     1 |       |     1 ||     2
 Stab: Sleeping          |     2 |     2 |     2 ||     6
Armor: Robe              |    29 |    87 |    43 ||   159
       Skin              |       |     3 |       ||     3
Dodge: Dodged            |    28 |   147 |    87 ||   262

Table legend: (Time is in decaauts)
 A = Elapsed time spent in this place.
 B = Non-inter-level travel time spent in this place.
 C = Inter-level travel time spent in this place.
 D = Time resting spent in this place.
 E = Time spent auto-exploring this place.
 F = Levels seen in this place.
 G = Mean time per level.
                   A        B        C        D        E       F      G
               +--------+--------+--------+--------+--------+-----+--------+
         Total |   5560 |   5460 |    100 |     56 |   3623 |   5 | 1112.0 |
       Dungeon |   5560 |   5460 |    100 |     56 |   3623 |   5 | 1112.0 |
               +--------+--------+--------+--------+--------+-----+--------+

Top non-repeatable levels by time:
     D:3: 1835 daAuts
     D:4: 1491 daAuts
     D:1: 968 daAuts
     D:2: 747 daAuts
     D:5: 517 daAuts
